 Dungeon Crawl Stone Soup version 0.23.2 (webtiles) character file.

Game seed: 12030276298756517631

1362 MurphysLawyer the Grasshopper (level 8, -4/112 HPs)
             Began as a Naga Warper on Apr 11, 2019.
             Was an Initiate of Dithmenos.
             Slain by an orc warrior
             ... wielding a +0 war axe
              (8 damage)
             ... on level 6 of the Dungeon.
             The game lasted 00:18:54 (6506 turns).

MurphysLawyer the Grasshopper (Naga Warper)         Turns: 6506, Time: 00:18:54

Health: -4/112     AC: 24    Str: 15 (17) XL:     8   Next: 64%
Magic:  23/23      EV:  1    Int: 12 (13) God:    Dithmenos [......]
Gold:   238        SH:  0    Dex: 10 (12) Spells: 6/15 levels left

rFire    . . .     SeeInvis +   y - +0 trident
rCold    + . .     Gourm    .   (no shield)
rNeg     + + +     Faith    .   (armour currently unavailable)
rPois    +         Spirit   .   (helmet currently unavailable)
rElec    .         Reflect  .   (cloak currently unavailable)
rCorr    .         Harm     .   (gloves currently unavailable)
MR       +....     NoTele   +   (no barding)
Stlth    ++........             (no amulet)
HPRegen  0.28/turn              i - ring of magical power
MPRegen  0.18/turn              E - ring of protection from cold

@: short of breath, tree-form
A: large, rugged brown scales 1, see invisible, agile 1, slow metabolism 1, spit
poison 1, AC +2
a: Spit Poison, Renounce Religion


You were on level 6 of the Dungeon.
You worshipped Dithmenos.
Dithmenos was noncommittal.
You were not hungry.
You were a tree.
You visited 2 branches of the dungeon, and saw 7 of its levels.

You collected 238 gold pieces.

Inventory:

Hand Weapons
 y - a +0 trident (weapon)
Missiles
 e - 5 tomahawks of dispersal (quivered)
 m - 42 sling bullets
 w - 3 curare-tipped needles
 x - 12 tomahawks
Armour
 g - a +0 ring mail (melded)
 l - a +0 pair of gloves (melded)
Jewellery
 i - a ring of magical power (left branch)
 D - an uncursed ring of protection from magic
 E - a ring of protection from cold (right branch)
Wands
 C - a wand of digging (6)
Scrolls
 d - 3 scrolls of blinking
 n - 2 scrolls of remove curse
 o - 2 scrolls of teleportation {unknown}
 p - a scroll of magic mapping {unknown}
 q - 3 scrolls of enchant armour
 r - 2 scrolls of enchant weapon
 s - 2 scrolls of immolation
Potions
 a - a potion of curing
 h - 2 potions of flight {unknown}
 j - a potion of mutation
 k - a potion of berserk rage {unknown}
 t - 2 potions of cancellation {unknown}
 v - a potion of might {unknown}
 z - a potion of agility
 B - 2 potions of degeneration
Comestibles
 c - a chunk of flesh
 f - 12 rations


   Skills:
 + Level 4.5 Fighting
 + Level 4.4 Polearms
 - Level 0.8 Throwing
 + Level 3.4 Armour
 - Level 1.6 Dodging
 * Level 2.6 Stealth
 + Level 4.1 Spellcasting
 * Level 6.5 Translocations


You had 6 spell levels left.
You knew the following spells:

 Your Spells              Type           Power        Failure   Level  Hunger
a - Blink                 Tloc           N/A          2%          2    ##.....
b - Teleport Other        Tloc           ###.....     4%          3    ###....
c - Passage of Golubria   Tloc           N/A          16%         4    #####..

Your spell library contained the following spells:

 Spells                   Type           Power        Failure   Level  Hunger
 Gell's Gravitas          Tloc           ###.......   4%          3    ###....
 Lesser Beckoning         Tloc           ###.......   4%          3    ###....
 Shroud of Golubria       Chrm/Tloc      ##........   9%          2    ##.....


Dungeon Overview and Level Annotations

Branches:
Dungeon (6/15)             Temple (1/1) D:5

Altars:
Ashenzari
Cheibriados
Dithmenos
Elyvilon
Fedhas
Gozag
Hepliaklqana
Kikubaaqudgha
Makhleb
Nemelex Xobeh
Okawaru
Qazlal
Sif Muna
Uskayaw
Vehumet
Wu Jian
Yredelemnul


Innate Abilities, Weirdness & Mutations

You cannot wear boots.
((Your serpentine skin is tough. (AC +2)))
You have supernaturally acute eyesight. (SInv)
((Armour fits poorly on your strangely shaped body.))
((Your system is resistant to poisons. (rPois)))
((You cover ground very slowly.))
You have a slow metabolism.
You can spit poison.
((You have a pair of small horns on your head.))
(You are partially covered in rugged brown scales. (AC +1, +3% HP))
You are agile. (Dex +2)


Message History

You closely miss the orc warrior.
The orc warrior is lightly wounded.
The orc warrior hits you but does no damage.
The jelly hits you but does no damage.
You hit the orc warrior but do no damage.
The orc warrior is lightly wounded.
The jelly hits you but does no damage.
The orc warrior hits you with a +0 war axe!
* * * LOW HITPOINT WARNING * * *
Press: ? - help, Shift-Dir - straight line, f - orc warrior
Aim: an orc warrior, wielding a +0 war axe and wearing a +0 chain mail (lightly wounded)
The splash of poison misses the orc warrior.
You feel slightly more hungry.
The orc wizard looks satisfied for a moment.
The jelly hits you.
* * * LOW HITPOINT WARNING * * *
You are splashed with acid!
* * * LOW HITPOINT WARNING * * *
The orc warrior hits you with a +0 war axe!
You die...

.....#### >.......#
#....###### ........#
#.......... ........#
#......... ## ........#
#......P♣ ..# ........#
#......P♣.... [.......#
#.......P....
........####....oJ.o%...
...........'.%).♣#
........####....##
........# #....#
........#########
...............
.≈≈≈≈≈.≈≈≈≈≈.≈≈
.≈###≈.≈###≈.≈# .≈ #≈.≈#
.≈# .≈ #≈.≈# ≈#


You could see an orc warrior, a jelly and an orc wizard (invisible).

Vanquished Creatures
  A water moccasin (D:4)
  A phantom (D:5)
  A centaur (D:5)
  3 ogres
  A wyvern zombie (D:5)
  2 scorpions (D:4)
  2 orc priests
  2 bullfrog zombies
  4 hounds
  4 orc wizards
  A bullfrog skeleton (D:4)
  3 worker ants
  A worker ant zombie (D:5)
  A howler monkey skeleton (D:4)
  3 gnolls
  7 adders
  2 shadow imps
  An ooze (D:1)
  An adder zombie (D:6)
  A worm (D:5)
  2 dart slugs
  3 leopard geckos
  13 orcs
  2 giant cockroaches
  6 goblins
  2 hobgoblins
  4 jackals
  3 quokkas
  2 bats
  5 frilled lizards
  5 kobolds
  9 rats
98 creatures vanquished.

Notes
Turn   | Place    | Note
-------+----------+-------------------------------------------
     0 | D:1      | MurphysLawyer the Naga Warper began the quest for the Orb.
     0 | D:1      | Reached XP level 1. HP: 19/19 MP: 3/3
   275 | D:1      | Reached skill level 1 in Armour
   275 | D:1      | Reached XP level 2. HP: 26/26 MP: 5/5
   281 | D:1      | Learned a level 2 spell: Blink
  1059 | D:2      | Reached XP level 3. HP: 22/32 MP: 6/6
  2371 | D:3      | Reached XP level 4. HP: 13/40 MP: 7/7
  3380 | D:4      | Reached XP level 5. HP: 37/46 MP: 8/8
  3391 | D:4      | Noticed an ogre
  3394 | D:4      | Noticed a water moccasin
  3402 | D:4      | Gained mutation: You have a pair of small horns on your
                  | head. [potion of mutation]
  3402 | D:4      | Gained mutation: You are partially covered in rugged brown
                  | scales. (AC +1, +3% HP) [potion of mutation]
  3402 | D:4      | Gained mutation: You are agile. (Dex +2) [potion of
                  | mutation]
  3408 | D:4      | Killed an ogre
  3408 | D:4      | Reached skill level 4 in Translocations
  3442 | D:4      | Killed a water moccasin
  3442 | D:4      | Reached XP level 6. HP: 41/57 MP: 10/10
  3600 | D:4      | Reached XP level 7. HP: 38/63 MP: 11/11
  3764 | D:4      | Reached skill level 5 in Translocations
  4945 | D:5      | Entered Level 5 of the Dungeon
  5414 | D:5      | Reached XP level 8. HP: 45/74 MP: 13/13
  5519 | D:5      | Reached skill level 6 in Translocations
  5584 | D:5      | Found a burning altar of Makhleb.
  5732 | D:5      | Learned a level 3 spell: Teleport Other
  5737 | D:5      | Learned a level 4 spell: Passage of Golubria
  5796 | D:5      | Reached skill level 1 in Stealth
  6168 | D:5      | Found a staircase to the Ecumenical Temple.
  6177 | Temple   | Entered the Ecumenical Temple
  6274 | Temple   | Became a worshipper of Dithmenos the Shadowed
  6506 | D:6      | HP: 4/112 [acid (7)]
  6506 | D:6      | Slain by an orc warrior

Skill      XL: |  1  2  3  4  5  6  7  8 |
---------------+-------------------------+-----
Armour         | 1 2 3 |  3.4
Polearms       | 3 4 |  4.4
Translocations | 4 5 6 |  6.5
Fighting       | 3 4 |  4.5
Spellcasting   | 3 4 |  4.1
Stealth        | 2 |  2.6
Throwing       | |  0.8
Dodging        | |  1.6

Action                   |  1- 3 |  4- 6 |  7- 9 || total
-------------------------+-------+-------+-------++-------
Melee: Spear             |   150 |    10 |       ||   160
       Trident           |       |   112 |   243 ||   355
       Headbutt          |       |     5 |    46 ||    51
 Cast: Blink             |       |     1 |       ||     1
 Abil: Spit Poison       |       |     6 |     7 ||    13
  Use: Potion            |       |     4 |     3 ||     7
       Scroll            |       |       |     4 ||     4
  Eat: Chunk             |     3 |     4 |     8 ||    15
Armor: Ring mail         |    62 |    42 |    83 ||   187
       Leather armour    |     1 |       |       ||     1
       Skin              |       |     9 |    13 ||    22
Dodge: Dodged            |    64 |    60 |   115 ||   239
